Map: Sequencer LE

Players

ShoWTimE - Winner!

  • Race: Protoss Protoss
  • Spawn Location: 7:00

NightEnD

  • Race: Protoss Protoss
  • Spawn Location: 1:00

Event: WCS Jonkoping 2017

VOD

Have the link to the VOD?

Description

Time

  • Played on: June 17, 2017, 10:34 a.m.
  • Length: 7:35

All games in this series

Show
View Real Time Build Order
Export as new Build Order

ShoWTimE Protoss - Winner!

Build Orders:  

Get SALT Encoding   

  12  0:01  Probe (Chrono Boost)  
  13  0:11  Probe (Chrono Boost)  
  14  0:17  Pylon  
  14  0:22  Probe (Chrono Boost)  
  15  0:35  Probe (Chrono Boost)  
  16  0:37  Gateway  
  16  0:42  Assimilator  
  16  0:46  Probe (Chrono Boost)  
  17  0:52  Assimilator  
  17  0:56  Probe (Chrono Boost)  
  18  1:04  Gateway  
  18  1:07  Probe (Chrono Boost)  
  19  1:17  Probe (Chrono Boost)  
  20  1:24  Cybernetics Core  
  20  1:28  Probe (Chrono Boost)  
  20  1:32  Pylon  
  21  1:39  Probe (Chrono Boost)  
  22  1:49  Probe (Chrono Boost)  
  23  2:00  Mothership Core (Chrono Boost), Adept x2  
  29  2:03  Warp Gate (Chrono Boost)  
  29  2:09  Pylon  
  29  2:27  Stalker x2  
  33  2:54  Nexus  
  33  2:55  Probe  
  34  3:02  Sentry  
  36  3:08  Probe  
  37  3:15  Robotics Facility  
  37  3:21  Probe  
  37  3:25  Pylon  
  38  3:33  Probe  
  39  3:46  Probe (Chrono Boost)  
  39  3:47  Twilight Council  
  40  3:57  Probe (Chrono Boost)  
  40  4:00  Sentry  
  43  4:07  Probe (Chrono Boost)  
  42  4:11  Observer (Chrono Boost)  
  42  4:12  Probe  
  44  4:19  Probe  
  44  4:22  Pylon  
  44  4:23  Blink (Chrono Boost)  
  45  4:24  Probe, Assimilator  
  47  4:31  Probe  
  47  4:33  Adept  
  47  4:36  Probe  
  50  4:39  Immortal  
  50  4:43  Probe  
  55  4:48  Probe  
  56  4:55  Probe  
  56  4:57  Forge  
  57  5:00  Probe  
  57  5:03  Assimilator  
  57  5:06  Sentry  
  60  5:07  Probe  
  60  5:12  Probe  
  62  5:16  Immortal  
  62  5:19  Probe  
  65  5:25  Probe  
  64  5:29  Phoenix  
  64  5:30  Gateway  
  64  5:31  Probe  
  64  5:33  Protoss Ground Weapons Level 1 (Chrono Boost)  
  64  5:35  Gateway  
  65  5:39  Sentry  
  65  5:41  Pylon  
  67  5:47  Probe  
  68  5:53  Gateway  
  68  5:54  Warp Prism  
  68  5:55  Gateway  
  70  6:04  Pylon, Sentry  
  70  6:06  Sentry  
  74  6:22  Nexus  
  74  6:36  Stalker x4  
  82  6:40  Pylon  
  82  6:59  Stalker x3  
  82  7:00  Stalker  
  90  7:04  Stalker  
  90  7:05  Stalker  
  94  7:08  Pylon  
  86  7:29  Stalker x5  
Show
View Real Time Build Order
Export as new Build Order

NightEnD Protoss 

Build Orders:  

Get SALT Encoding   

  12  0:01  Probe (Chrono Boost)  
  13  0:11  Probe (Chrono Boost)  
  14  0:20  Pylon  
  14  0:22  Probe (Chrono Boost)  
  15  0:38  Probe (Chrono Boost)  
  15  0:39  Gateway  
  16  0:44  Assimilator  
  16  0:49  Probe (Chrono Boost)  
  17  0:52  Assimilator  
  17  0:59  Probe (Chrono Boost)  
  18  1:10  Probe (Chrono Boost), Gateway  
  19  1:20  Probe (Chrono Boost)  
  20  1:29  Cybernetics Core  
  20  1:32  Probe (Chrono Boost)  
  21  1:37  Pylon  
  21  1:42  Probe (Chrono Boost)  
  22  1:53  Probe (Chrono Boost)  
  23  2:05  Stalker x2  
  23  2:06  Warp Gate (Chrono Boost)  
  27  2:12  Mothership Core  
  29  2:20  Pylon  
  29  2:37  Probe  
  30  2:53  Nexus  
  30  2:56  Sentry x2  
  34  3:10  Robotics Facility  
  34  3:14  Probe  
  35  3:22  Pylon  
  35  3:26  Probe  
  35  3:38  Probe (Chrono Boost)  
  36  3:43  Twilight Council  
  36  3:50  Probe (Chrono Boost)  
  37  4:01  Probe (Chrono Boost)  
  36  4:03  Stalker x2  
  36  4:07  Probe (Chrono Boost)  
  41  4:11  Probe (Chrono Boost)  
  42  4:17  Probe (Chrono Boost)  
  42  4:20  Blink  
  42  4:22  Probe (Chrono Boost)  
  44  4:28  Probe (Chrono Boost)  
  46  4:32  Probe (Chrono Boost)  
  48  4:38  Probe (Chrono Boost)  
  48  4:43  Probe (Chrono Boost)  
  48  4:45  Immortal  
  52  4:49  Probe (Chrono Boost)  
  53  4:53  Probe (Chrono Boost)  
  53  4:59  Probe (Chrono Boost)  
  55  5:00  Forge  
  55  5:04  Probe (Chrono Boost)  
  56  5:08  Pylon  
  56  5:10  Probe (Chrono Boost)  
  56  5:11  Assimilator  
  56  5:14  Assimilator  
  57  5:15  Probe (Chrono Boost)  
  57  5:20  Probe (Chrono Boost)  
  56  5:24  Sentry  
  56  5:25  Probe (Chrono Boost), Sentry, Immortal  
  60  5:31  Probe (Chrono Boost)  
  65  5:35  Probe (Chrono Boost)  
  65  5:36  Protoss Ground Weapons Level 1 (Chrono Boost)  
  65  5:42  Probe  
  67  5:44  Pylon  
  67  5:47  Probe  
  68  5:53  Gateway  
  68  5:54  Probe, Gateway  
  69  5:59  Probe  
  69  6:02  Sentry  
  69  6:03  Observer  
  72  6:06  Probe  
  74  6:12  Nexus  
  74  6:16  Pylon  
  74  6:18  Probe  
  75  6:19  Probe  
  75  6:22  Observer  
  77  6:30  Probe  
  78  6:33  Robotics Bay  
  78  6:34  Probe  
  79  6:42  Observer, Probe  
  79  6:44  Pylon  
  79  6:46  Probe  
  82  6:49  Stalker x2  
  82  6:51  Pylon  
  86  7:02  Probe x2  
  86  7:07  Sentry  
  86  7:08  Stalker  
  92  7:14  Probe  
  89  7:18  Stalker x2  
Tags
 
Add a new tag
Caveats
  • Supply blocks, unpowered buildings, or Contaminate may cause inaccurate times.
  • Supply counts are checked every 10 seconds.